 Dungeon Crawl Stone Soup version 0.32-a0-683-ge26c5dbc97 (webtiles) character file.

Game seed: 14392129809694867238

673 Revguard the Slasher (level 7, -2/53 HPs)
             Began as a Coglin Gladiator on Mar 12, 2024.
             Slain by an ogre
             ... wielding a +0 giant spiked club
              (24 damage)
             ... on level 5 of the Dungeon.
             The game lasted 00:07:39 (3228 turns).

Revguard the Slasher (Coglin Gladiator)             Turns: 3228, Time: 00:07:40

Health: -2/53      AC:  7    Str: 15    XL:     7   Next: 59%
Magic:  7/7        EV: 12    Int:  7    God:
Gold:   150        SH:  0    Dex: 17    Spells: 6/6 levels left

rFire   . . .        a - +0 long sword {Narong}
rCold   . . .        u - +2 dagger (speed) {Tomás}
rNeg    . . .        j - +0 ring mail
rPois   .            c - +0 helmet
rElec   .            (no cloak)
rCorr   .            r - +0 pair of gloves
SInv    .            (no boots)
Will    .....        (amulet unavailable)
Stlth   ++           (ring unavailable)
HPRegen 0.28/turn    (ring unavailable)
MPRegen 0.10/turn    (no gizmo)

%: no passive effects
@: revving
A: off-hand wielding, slow wielding, warmup strikes, no jewellery
a: Invent Gizmo


You were on level 5 of the Dungeon.
You visited 1 branch of the dungeon, and saw 5 of its levels.

You collected 150 gold pieces.

Inventory:

Hand Weapons
 a - a +0 long sword (weapon) {Narong}
 f - a +0 dagger {Hong}
 k - a +0 short sword of holy wrath {Zihan}
 u - a +2 dagger of speed (offhand) {Tomás}
Missiles
 d - a throwing net (quivered)
 e - a javelin
Armour
 b - a +0 leather armour
 c - a +0 helmet (worn)
 j - a +0 ring mail (worn)
 r - a +0 pair of gloves (worn)
Scrolls
 g - 2 scrolls of teleportation
 i - a scroll of silence
 s - a scroll of immolation
Potions
 h - a potion of cancellation
 l - a potion of heal wounds {unknown}
 m - a potion of lignification {unknown}
 n - a potion of enlightenment {unknown}
 p - a potion of attraction {unknown}
 q - a potion of ambrosia {unknown}
 t - a potion of degeneration {unknown}
 v - a potion of brilliance {unknown}


   Skills:
 + Level 3.7 Fighting
 + Level 4.3 Long Blades
 - Level 1.7 Throwing
 + Level 2.9 Armour
 + Level 4.0 Dodging
 + Level 2.6 Stealth
 + Level 3.9 Evocations


You had 6 spell levels left.
You didn't know any spells.
Your spell library contained the following spells:

 Spells                   Type           Power      Damage    Failure   Level
 Apportation              Tloc           0%         N/A       65%         1
 Necrotise                Necr           0%         1d4       65%         1
 Sting                    Conj/Alch      0%         1d3       65%         1
 Summon Small Mammal      Summ           0%         N/A       65%         1
 Scorch                   Fire           0%         2d5       80%         2
 Flame Wave               Conj/Fire      0%         2d4       100%        4
 Summon Cactus Giant      Summ           0%         N/A       100%        6


Dungeon Overview and Level Annotations

Branches:
Dungeon (5/15)             Temple (0/1) D:5

Altars:

Shops:
D:2 :   D:3 [   D:5 (


Innate Abilities, Weirdness & Mutations

You can wield a second weapon in your off-hand.
It takes a long time for you to wield or remove held weapons.
Your first few attacks do less damage.
You cannot equip rings or amulets.


Message History

You slash the iguana with your +0 long sword!
The iguana is almost dead.
You closely miss the iguana with your +2 dagger of speed.
The iguana bites you!
You hit the iguana but do no damage.
The iguana is almost dead.
You hit the iguana but do no damage. The iguana barely misses you.
You hit the iguana with your +2 dagger of speed.
You kill the iguana!
Your Dodging skill increases to level 4!
d - a throwing net You hear the slow hiss of a distant avalanche of sand.
An orc and an ogre come into view.
The orc shouts!
You see here a scroll labelled UPNOQE WIBO.
Found a stone staircase leading down.
The orc barely misses you.
You hit the orc with your +0 long sword.
The orc is heavily wounded.
You hit the orc with your +2 dagger of speed.
You kill the orc!
You see here a +0 club.
Found a staircase to the Ecumenical Temple.
The ogre shouts!
You barely miss the ogre with your +0 long sword.
You hit the ogre with your +2 dagger of speed.
The ogre barely misses you.
You hit the ogre with your +0 long sword.
The ogre is moderately wounded.
You hit the ogre with your +2 dagger of speed.
You hit the ogre but do no damage.
The ogre is heavily wounded.
You hit the ogre but do no damage.
The ogre hits you with a +0 giant spiked club!!
Ouch! That really hurt!
You hit the ogre but do no damage.
The ogre is heavily wounded.
You hit the ogre with your +2 dagger of speed.
The ogre hits you with a +0 giant spiked club!!
You die...

#.................#####.....
#......................#....
#..................###.(....
#.####.........)............
#. #..............####.... #
#......?..#............
.#.........##.#.####....
...........# ..... .....
###.....@...# ....>##....
#.####O#.## .....# ## #.#...
....# #.#..... .###
....⌠.>.⌠ .#....... ..
....⌠.. .. #.


You could see an ogre.

Vanquished Creatures
  Grinder (D:3)
  2 ogres (D:5)
  2 iguanas
  Terence (D:2)
  3 orc wizards
  Robin (D:4)
  4 gnolls (D:4)
  2 adders
  2 ribbon worms (D:2)
  7 orcs
  8 endoplasms
  5 giant cockroaches (D:1)
  13 goblins
  10 hobgoblins
  4 jackals (D:1)
  7 kobolds
  3 quokkas
  6 ball pythons
  4 bats
  5 frilled lizards
  5 rats
95 creatures vanquished.

Notes
Turn   | Place    | Note
-------+----------+-------------------------------------------
     0 | D:1      | Revguard the Coglin Gladiator began the quest for the Orb.
     0 | D:1      | Reached XP level 1. HP: 16/16 MP: 1/1
    42 | D:1      | Reached XP level 2. HP: 22/22 MP: 2/2
    98 | D:1      | Reached skill level 1 in Evocations
   211 | D:1      | Reached XP level 3. HP: 24/27 MP: 3/3
   744 | D:2      | Found a faded altar of an unknown god.
   766 | D:2      | Reached skill level 1 in Armour
  1024 | D:2      | Found Raeluj's Book Shoppe.
  1090 | D:2      | Reached skill level 1 in Stealth
  1179 | D:2      | Reached XP level 4. HP: 34/34 MP: 4/4
  1179 | D:2      | Noticed Terence
  1196 | D:2      | Killed Terence
  1647 | D:3      | Reached XP level 5. HP: 39/39 MP: 5/5
  1679 | D:3      | Noticed Grinder
  1689 | D:3      | Killed Grinder
  1690 | D:3      | Reached XP level 6. HP: 26/47 MP: 6/6
  1844 | D:3      | Found Dapioth's Antique Armour Shop.
  2669 | D:4      | Noticed Robin
  2688 | D:4      | Killed Robin
  2841 | D:4      | Reached XP level 7. HP: 52/52 MP: 7/7
  3158 | D:5      | Entered Level 5 of the Dungeon
  3163 | D:5      | Found Tasirph's Weapon Shoppe.
  3223 | D:5      | Found a staircase to the Ecumenical Temple.
  3228 | D:5      | Slain by an ogre

Illustrated notes

Levels and vault maps discovered:
D:1:      dpeg_arrival_prison, layout_loops_ring, serial_glass, glass_columns_c,
          glass_columns_c, minmay_strange_pillars, due_unseen_surprise,
          item_on_display_a, minmay_misc_feat_alley
D:2:      layout_loops_ring, nicolae_ecumenical_pavilion, serial_shops, shop,
          nicolae_kite_square_tiling_tiny, hangedman_decor_peaks_small,
          uniq_terence
D:3:      layout_basic, serial_shops, nicolae_shop_crystal, uniq_grinder
D:4:      layout_gridville, kennysheep_diamond, uniq_robin
D:5:      layout_rooms, mainiacjoe_overflow_alcove_4, nicolae_ru_awakened_eye,
          temple_fountains, lightli_ossuary_entry_decrepit_ruins, serial_shops,
          nicolae_shop_just_a_little_nook, chequers_serial_rivers_small_a,
          uniq_duvessa

Skill      XL: |  1  2  3  4  5  6  7 |
---------------+----------------------+-----
Evocations     | 1 2 3 |  3.9
Armour         | 1 2 |  2.9
Stealth        | 1 2 |  2.6
Dodging        | 3 4 |  4.0
Fighting       | 3 |  3.7
Long Blades    | 4 |  4.3
Throwing       | |  1.7

Action                     |  1- 3 |  4- 6 |  7- 9 || total
---------------------------+-------+-------+-------++-------
  Melee: Long sword        |    94 |   108 |    35 ||   237
         Dagger            |    56 |     9 |    32 ||    97
         Short sword       |    23 |    94 |       ||   117
  Throw: Throwing net      |       |       |     3 ||     3
    Use: Potion            |       |     1 |       ||     1
         Scroll            |       |       |     4 ||     4
   Stab: Sleeping          |     2 |     1 |       ||     3
         Held in net/web   |       |       |     3 ||     3
 Armour: Leather armour    |    38 |       |       ||    38
         Ring mail         |    17 |    86 |    13 ||   116
  Dodge: Dodged            |    82 |    69 |    16 ||   167

Table legend: (Time is in decaauts)
 A = Elapsed time spent in this place.
 B = Non-inter-level travel time spent in this place.
 C = Inter-level travel time spent in this place.
 D = Time resting spent in this place.
 E = Time spent auto-exploring this place.
 F = Levels seen in this place.
 G = Mean time per level.
                   A        B        C        D        E       F      G
               +--------+--------+--------+--------+--------+-----+--------+
         Total |   3235 |   3109 |    126 |    100 |   2279 |   5 |  647.0 |
       Dungeon |   3235 |   3109 |    126 |    100 |   2279 |   5 |  647.0 |
               +--------+--------+--------+--------+--------+-----+--------+

Top non-repeatable levels by time:
     D:3: 866 daAuts
     D:4: 798 daAuts
     D:2: 752 daAuts
     D:1: 749 daAuts
     D:5: 68 daAuts
